 Dungeon Crawl Stone Soup version 0.31-a0-151-ge443d1f16c (webtiles) character file.

Game seed: 8086286388195316062

246 qw the Shooter (level 5, -1/46 HPs)
             Began as a Minotaur Hunter on June 8, 2023.
             Slain by Pikel
             ... wielding a +2 whip of freezing
              (3 damage)
             ... on level 4 of the Dungeon.
             The game lasted 00:00:53 (2225 turns).

qw the Shooter (Minotaur Hunter)                    Turns: 2225, Time: 00:00:54

Health: -1/46      AC:  5    Str: 16    XL:     5   Next: 84%
Magic:  4/4        EV: 12    Int:  6    God:
Gold:   277        SH:  0    Dex: 18    Spells: 4/4 levels left

rFire   . . .        a - +3 longbow of the Uplifting Gnat {flame, Dex+3}
rCold   . . .        (shield currently unavailable)
rNeg    . . .        d - +2 robe {Will+}
rPois   +            (helmet restricted)
rElec   .            (no cloak)
rCorr   .            l - +0 pair of gloves
SInv    .            (no boots)
Will    +....        (no amulet)
Stlth   ++           c - ring of poison resistance
HPRegen 0.27/turn    (no ring)
MPRegen 0.09/turn

%: no passive effects
@: no status effects
A: horns 2, retaliatory headbutt
a: no special abilities


You were on level 4 of the Dungeon.
You visited 1 branch of the dungeon, and saw 4 of its levels.

You collected 277 gold pieces.


Innate Abilities, Weirdness & Mutations

You have a pair of horns on your head.
You reflexively headbutt those who attack you in melee.


   Skills:
 - Level 4.1 Fighting
 - Level 7.2 Ranged Weapons
 + Level 2.2 Dodging
 - Level 0.7 Stealth


You had 4 spell levels left.
You didn't know any spells.
Your spell library was empty.

Inventory:

Hand Weapons
 a - the +3 longbow of the Uplifting Gnat (weapon) {flame, Dex+3}
   (You acquired it on level 2 of the Dungeon)

   Dex:       It affects your dexterity (+3).
Armour
 d - a +2 robe of willpower (worn)
 l - a +0 pair of gloves (worn)
Jewellery
 c - a ring of poison resistance (left hand)
Scrolls
 b - a scroll of teleportation {unknown}
 e - a scroll of identify
Potions
 f - a potion of curing {unknown}
 h - a potion of degeneration {unknown}
 k - a potion of berserk rage {unknown}

Dungeon Overview and Level Annotations

Branches:
Dungeon (4/15)
 Temple: D:4-7

Altars:
Kikubaaqudgha
Sif Muna

Shops:
D:1 :

Annotations:
D:4 Pikel


Message History

The hobgoblin barely misses you. The hobgoblin completely misses you.
The lemure hits you but does no damage.
A lemure comes into view.
You shoot an arrow. The arrow closely misses the lemure.
The arrow misses Pikel.
The arrow closely misses the lemure.
A lemure comes into view.
The hobgoblin hits you from afar with a +0 spear.
You shoot an arrow. The arrow barely misses Pikel.
The arrow barely misses the lemure.
The lemure shouts!
The hobgoblin hits you from afar with a +0 spear.
You shoot an arrow. The arrow hits the lemure!
The arrow burns the lemure.
You kill the lemure!
That felt strangely unrewarding.
Pikel hits you with a +2 whip of freezing!
Pikel freezes you.
The hobgoblin hits you but does no damage.
Pikel hits you with a +2 whip of freezing!
Pikel freezes you.
An iguana comes into view.
The hobgoblin hits you but does no damage.
The lemure hits you.
You shoot an arrow. The iguana hisses angrily.
The arrow hits the lemure!
The arrow burns the lemure.
The lemure is heavily wounded.
The hobgoblin hits you but does no damage.
Pikel misses you.
You shoot an arrow. The arrow hits the lemure!
The arrow burns the lemure.
You kill the lemure!
That felt strangely unrewarding.
Pikel closely misses you. The hobgoblin closely misses you.
You shoot an arrow. The arrow barely misses Pikel.
The arrow hits the lemure but does no damage.
The hobgoblin hits you but does no damage.
Pikel hits you with a +2 whip of freezing.
Pikel freezes you.
Pikel hits you with a +2 whip of freezing!
Pikel freezes you.
You die...

#..PP.#....#.......####.##
#.PP......###.#..........#.
.P~P~P~ #.##...#..###...
~~77~P P#......##..##..#
P...#...#[......#.
P...#...##........
#.....#.........
.##...............
......5@..........
##)...5K....?.....
..<..g...........#
.......l.........#
........##........
......... #.#.... .........
###.. .........


You could see Pikel, 2 lemures, an iguana and a hobgoblin.

Vanquished Creatures
  2 lemures (D:4)
  A phantom (D:4)
  A howler monkey (D:4)
  A sleepcap (D:3)
  Terence (D:2)
  2 adders
  A worm (D:4)
  3 dart slugs
  4 bats
  5 endoplasms
  2 giant cockroaches (D:2)
  8 goblins
  5 hobgoblins
  4 jackals (D:3)
  3 quokkas
  5 ball pythons
  2 frilled lizards (D:3)
  6 kobolds
  6 rats
62 creatures vanquished.

Notes
Turn   | Place    | Note
-------+----------+-------------------------------------------
     0 | D:1      | qw the Minotaur Hunter began the quest for the Orb.
     0 | D:1      | Reached XP level 1. HP: 18/18 MP: 0/0
     0 | D:1      | 0 ||| qw: Version: 0.2-a-120-gdf1a93b
     0 | D:1      | 0 ||| qw: Game counter: 3109
     0 | D:1      | 0 ||| qw: Always use a shield: true
     0 | D:1      | 0 ||| qw: God list: Okawaru
     0 | D:1      | 0 ||| qw: Allow faded altars: false
     0 | D:1      | 0 ||| qw: Do Orc after D:15 true
     0 | D:1      | 0 ||| qw: Do second Lair branch before Depths: true
     0 | D:1      | 0 ||| qw: Lair rune preference: random
     0 | D:1      | 0 ||| qw: Plans: Normal
     0 | D:1      | 0 ||| PLANNING D:1-11
   293 | D:1      | Reached XP level 2. HP: 25/25 MP: 1/1
   300 | D:1      | Reached skill level 5 in Ranged Weapons
   396 | D:1      | Found Jukul's Book Emporium.
   642 | D:1      | 642 ||| UPGRADING to +2 robe of willpower.
   652 | D:1      | 652 ||| DROPPING +0 leather armour.
   653 | D:1      | 653 ||| READING scroll labelled YXEHIG HIEDGH.
   654 | D:1      | 654 ||| READING scroll labelled KUURGHAU FAULA.
   655 | D:1      | 655 ||| DROPPING scroll of butterflies.
   738 | D:2      | Reached skill level 3 in Fighting
   770 | D:2      | Noticed Terence
   786 | D:2      | Killed Terence
   787 | D:2      | Reached XP level 3. HP: 11/31 MP: 2/2
   819 | D:2      | 819 ||| FLEEEEING.
  1261 | D:2      | Reached XP level 4. HP: 32/38 MP: 3/3
  1262 | D:2      | Reached skill level 6 in Ranged Weapons
  1497 | D:2      | 1497 ||| UPGRADING to ring of poison resistance.
  1498 | D:2      | 1498 ||| READING scroll labelled OJORAE DITZO MOU.
  1499 | D:2      | 1499 ||| READING scroll labelled UNUPHA OSOL.
  1500 | D:2      | 1500 ||| READING scroll labelled ONONIWNO SITI.
  1501 | D:2      | 1501 ||| READING scroll labelled NACUTO NE QYT.
  1501 | D:2      | Identified a scroll of acquirement
  1501 | D:2      | 1501 ||| ACQUIRING +3 longbow of the Uplifting Gnat {flame,
                  | Dex+3}
  1501 | D:2      | Acquired the +3 longbow of the Uplifting Gnat {flame,
                  | Dex+3}
  1503 | D:2      | 1503 ||| SWAPPING to +3 longbow of the Uplifting Gnat
                  | {flame, Dex+3}.
  1504 | D:2      | 1504 ||| DROPPING +0 shortbow.
  1505 | D:2      | 1505 ||| READING 2 scrolls of identify.
  1505 | D:2      | 1505 ||| IDENTIFYING brown potion
  1506 | D:2      | 1506 ||| DROPPING potion of invisibility.
  1761 | D:3      | Found a faded altar of an unknown god.
  1762 | D:3      | 1762 ||| UPGRADING to +0 pair of gloves.
  1767 | D:3      | 1767 ||| DROPPING ring of wizardry.
  1768 | D:3      | 1768 ||| READING scroll labelled DOUSCH JIGIOSCHU.
  1769 | D:3      | 1769 ||| READING scroll labelled ZUNIGA AXUPN.
  1770 | D:3      | 1770 ||| READING scroll labelled COUGUXIELO.
  1931 | D:3      | Found an ancient bone altar of Kikubaaqudgha.
  2150 | D:4      | Noticed a phantom
  2155 | D:4      | Reached XP level 5. HP: 46/46 MP: 4/4
  2159 | D:4      | Killed a phantom
  2160 | D:4      | Reached skill level 7 in Ranged Weapons
  2170 | D:4      | Found a shimmering blue altar of Sif Muna.
  2214 | D:4      | Noticed a lemure
  2216 | D:4      | Noticed Pikel
  2216 | D:4      | Noticed a lemure
  2219 | D:4      | Noticed a lemure
  2220 | D:4      | Noticed a lemure
  2222 | D:4      | Killed a lemure
  2224 | D:4      | Killed a lemure
  2225 | D:4      | HP: 2/46 [Pikel/+2 whip of freezing (11)]
  2225 | D:4      | Slain by Pikel

Levels and vault maps discovered:
D:1:      ncdulo_watergridlock, layout_basic, serial_shops, nicolae_shop_stone,
          minmay_tall_x
D:2:      layout_loops_ring, minmay_goblin_kobold_house, uniq_terence
D:3:      layout_basic, kiku_gazebo_pond_becter,
          shapermc_ecumenical_altar_notcrosses, hex_large
D:4:      layout_cave_pools, led_sif_pool, xom_teletrap_fun,
          serial_bayou_pond_c, uniq_pikel

Skill      XL: |  1  2  3  4  5 |
---------------+----------------+-----
Ranged Weapons | 5 6 7 |  7.2
Fighting       | 3 4 |  4.1
Dodging        | |  2.2
Stealth        | |  0.7

Action                     |  1- 3 |  4- 6 || total
---------------------------+-------+-------++-------
   Fire: Shortbow          |   130 |     2 ||   132
         Longbow           |       |    53 ||    53
    Use: Scroll            |     2 |     8 ||    10
 Armour: Leather armour    |     4 |       ||     4
         Robe              |     5 |     9 ||    14
  Dodge: Dodged            |    32 |    12 ||    44

Table legend:
 A = Non-vault XP
 B = Vault XP
 C = Vault XP percentage of total XP
 D = Non-vault monster count
 E = Vault monster count
 F = Vault count percentage of total count
                 A         B        C        D         E       F
            +---------+---------+-------+---------+---------+-------
      Total |     309 |      43 |  12.2 |      53 |       7 |  11.7
            +---------+---------+-------+---------+---------+-------
        D:1 |      17 |       7 |  29.2 |      12 |       4 |  25.0
        D:2 |      43 |      36 |  45.6 |      19 |       3 |  13.6
        D:3 |      80 |       0 |   0.0 |      16 |       0 |   0.0
        D:4 |     169 |       0 |   0.0 |       6 |       0 |   0.0
            +---------+---------+-------+---------+---------+-------
